 Dungeon Crawl Stone Soup version 0.19.5 (webtiles) character file.

5924 Shoikan the Basher (level 10, -4/91 HPs)
             Began as a Minotaur Berserker on Mar 16, 2017.
             Was an Elder of Trog.
             Slain by a warg (10 damage)
             ... on level 1 of the Orcish Mines.
             The game lasted 00:54:37 (9062 turns).

Shoikan the Basher (Minotaur Berserker)             Turns: 9062, Time: 00:54:42

Health: -4/91      AC: 14    Str: 22    XL:     10   Next: 53%
Magic:  9/9        EV:  5    Int:  4    God:    Trog [****..]
Gold:   465        SH:  0    Dex: 16    Spells: 0 memorised, 9 levels left

rFire  + . .     SeeInvis .     H - +4 great mace (protect)
rCold  x . .     Gourm    .     y - +0 plate armour
rNeg   . . .     Faith    .     (shield currently unavailable)
rPois  .         Spirit   .     (helmet restricted)
rElec  .         Reflect  +     (no cloak)
rCorr  .         Harm     .     (no gloves)
MR     .....                    (no boots)
Stlth  ..........               a - +2 amulet of reflection
                                w - +3 ring of dexterity
                                u - ring of fire

@: about to teleport, held, invisible
A: retaliatory headbutt, horns 2
a: Berserk, Trog's Hand, Brothers in Arms, Burn Spellbooks, Renounce Religion


You were on level 1 of the Orcish Mines.
You worshipped Trog.
Trog was greatly pleased with you.
You were not hungry.

You visited 3 branches of the dungeon, and saw 11 of its levels.
You also visited: Sewer.

You collected 515 gold pieces.
You spent 50 gold pieces at shops.

Inventory:

Hand Weapons
 n - a +0 flail of crushing
 t - a +2 morningstar of holy wrath
 H - a +4 great mace of protection (weapon)
Armour
 y - a +0 plate armour (worn)
Jewellery
 a - a +2 amulet of reflection (around neck)
 u - a ring of fire (left hand)
 w - a +3 ring of dexterity (right hand)
 G - an uncursed amulet of harm
Wands
 q - a wand of paralysis (12/24)
 E - a wand of polymorph (8/24)
 F - a wand of acid (5/15)
Scrolls
 b - a scroll of blinking
 f - 4 scrolls of fog
 i - 5 scrolls of immolation
 j - 6 scrolls of teleportation
 r - 4 scrolls of recharging
 v - 3 scrolls of remove curse
 z - a scroll of fear {unknown}
 B - 2 scrolls of random uselessness {unknown}
 C - a scroll of vulnerability {unknown}
 I - a scroll of enchant weapon {unknown}
Potions
 e - 3 potions of curing
 g - a potion of flight
 k - a potion of heal wounds
 l - 3 potions of lignification
 m - a potion of might
 o - a potion of cure mutation
 x - a potion of agility {unknown}
 A - a potion of invisibility
 D - 2 potions of haste
Books
 p - a book of Cantrips

   Spells                             Type                      Level
   a - Confusing Touch                Hexes                        1
   b - Animate Skeleton               Necromancy                   1
   c - Summon Small Mammal            Summoning                    1
   d - Apportation                    Translocation                1
   Trog disapproves of the use of such an item.
Comestibles
 c - 6 bread rations
 d - 6 meat rations
 h - 6 beef jerkies
 s - a slice of pizza


   Skills:
 + Level 9.3 Fighting
 + Level 13.1 Maces & Flails
 + Level 10.3 Armour
 + Level 4.0 Dodging
 + Level 0.1 Stealth


You had 9 spell levels left.
You didn't know any spells.

Dungeon Overview and Level Annotations

Branches:
Dungeon (9/15)             Temple (1/1) D:6             Orc (1/2) D:9
   Lair: D:8-11

Altars:
Ashenzari
Cheibriados
Dithmenos
Elyvilon
Fedhas
Gozag
Hepliaklqana
Kikubaaqudgha
Makhleb
Nemelex Xobeh
Okawaru
Qazlal
Ru
Sif Muna
Trog
Uskayaw
Vehumet
Xom
Yredelemnul
Zin
The Shining One

Shops:
D:9 *

Annotations:
Orc:1 Harold


Innate Abilities, Weirdness & Mutations

You reflexively headbutt those who attack you in melee.
You have a pair of horns on your head.


Message History

As you read the scroll of teleportation, it crumbles to dust.
You feel strangely unstable.
The orc wizard casts a spell.
The orc wizard blinks!
The warg bites you.
* * * LOW HITPOINT WARNING * * *
The orc wizard hits you but does no damage.
The orc wizard gestures at you while chanting.
You easily resist.
The orc priest invokes the aid of Beogh against you.
Beogh smites you!
* * * LOW HITPOINT WARNING * * *
The warg barely misses you. The orc warrior hits you with a mace.
* * * LOW HITPOINT WARNING * * *
You fade into invisibility!
The orc wizard gestures at you while chanting.
The puff of flame misses you. The orc closely misses you.
Harold hits you with a glaive!
* * * LOW HITPOINT WARNING * * *
The warg bites you!
You die...

# ## ##########
##.##.##...$....##
#.....oo.........#
#.o@ho<......#
#..#@#oo......##
#. .....o......#
#..#$........##
###...........#
#......#.#.##
#.........$.#
.............


You could see Harold, a warg, 2 orc warriors, an orc priest, 2 orc wizards and 2
orcs.

Vanquished Creatures
  The ghost of Paps the Cudgeler, a novice GrFi of Okawaru (D:7)
  A two-headed ogre (D:8)
  A hippogriff (D:8)
  A hungry ghost (D:7)
  A water moccasin (D:7)
  3 ice beasts
  4 orc warriors
  6 ogres
  2 necrophages (D:7)
  A crocodile (D:7)
  3 centaurs
  Blork the orc (D:6)
  2 bullfrogs
  A wyvern zombie (D:7)
  6 scorpions
  A water moccasin skeleton (D:9)
  A wight (D:8)
  3 howler monkeys (D:7)
  6 crimson imps
  7 hounds
  3 centaur skeletons
  2 gnoll shamans
  3 jellies
  7 orc priests
  A bullfrog skeleton (D:5)
  4 iguanas
  8 orc wizards
  8 worker ants
  A hound zombie (D:6)
  A worker ant zombie (D:9)
  2 howler monkey skeletons
  14 gnolls
  12 adders
  6 oozes
  3 adder skeletons
  9 worms
  A dart slug (D:1)
  7 leopard geckos
  49 orcs
  3 ball pythons
  9 bats
  8 giant cockroaches
  3 goblins
  5 hobgoblins
  11 jackals
  2 quokkas (D:2)
  10 frilled lizards
  5 kobolds
  A leopard gecko skeleton (D:7)
  A quokka skeleton (D:7)
  2 quokka zombies
  13 rats
266 creatures vanquished.

Vanquished Creatures (collateral kills)
  The ghost of pib the Fighter, a novice FoFi of Ashenzari (D:9)
  An orc warrior (D:9)
  A gnoll sergeant (D:9)
  4 wights (D:8)
  3 gnolls (D:9)
  An orc (D:9)
11 creatures vanquished.

Vanquished Creatures (others)
  An orc wizard (D:6)
1 creature vanquished.

Grand Total: 278 creatures vanquished

Notes
Turn   | Place    | Note
-------+----------+-------------------------------------------
     0 | D:1      | Shoikan the Minotaur Berserker began the quest for the Orb.
     0 | D:1      | Reached XP level 1. HP: 19/19 MP: 0/0
   217 | D:1      | Reached XP level 2. HP: 26/27 MP: 1/1
   595 | D:2      | Reached skill level 4 in Maces & Flails
   714 | D:2      | Reached XP level 3. HP: 33/33 MP: 2/2
   790 | D:2      | Reached ** piety under Trog
  1473 | D:3      | Reached XP level 4. HP: 32/41 MP: 3/3
  1603 | D:3      | Reached skill level 5 in Maces & Flails
  1743 | D:3      | Reached XP level 5. HP: 42/47 MP: 4/4
  1813 | D:3      | Reached *** piety under Trog
  2284 | D:4      | Reached skill level 5 in Fighting
  2284 | D:4      | Reached XP level 6. HP: 49/56 MP: 5/5
  2338 | D:4      | Reached skill level 6 in Maces & Flails
  2369 | D:4      | Found a radiant altar of Vehumet.
  2659 | D:4      | Found a faded altar of an unknown god.
  2659 | D:4      | Found a deep blue altar of Sif Muna.
  2664 | D:4      | Found a faded altar of an unknown god.
  2666 | D:4      | Found a faded altar of an unknown god.
  2668 | D:4      | Found a faded altar of an unknown god.
  2704 | D:4      | Reached skill level 7 in Maces & Flails
  2871 | D:4      | Reached XP level 7. HP: 61/61 MP: 6/6
  2952 | D:5      | Entered Level 5 of the Dungeon
  2974 | D:5      | Reached skill level 5 in Armour
  3096 | D:5      | HP: 3/63 [poisoned by a worker ant]
  3225 | D:5      | Reached skill level 8 in Maces & Flails
  3308 | D:5      | Found a glowing drain.
  3330 | Sewer    | Entered a sewer
  3533 | Sewer    | Reached **** piety under Trog
  4124 | D:5      | Reached XP level 8. HP: 71/71 MP: 7/7
  4373 | D:6      | Reached skill level 9 in Maces & Flails
  4760 | D:6      | Noticed Blork the orc
  4770 | D:6      | Killed Blork the orc
  4953 | D:6      | Found a staircase to the Ecumenical Temple.
  4970 | Temple   | Entered the Ecumenical Temple
  5290 | D:6      | Found a shimmering altar of Xom.
  5809 | D:7      | Reached skill level 10 in Maces & Flails
  5813 | D:7      | Received a gift from Trog
  5936 | D:7      | Noticed Paps's ghost (novice GrFi)
  5949 | D:7      | Killed Paps's ghost
  5949 | D:7      | Reached XP level 9. HP: 67/79 MP: 8/8
  6505 | D:7      | Reached skill level 11 in Maces & Flails
  6640 | D:7      | Reached ***** piety under Trog
  7129 | D:7      | Found a glowing golden altar of the Shining One.
  7132 | D:7      | Found a snail-covered altar of Cheibriados.
  7135 | D:7      | Found a bloodstained altar of Trog.
  7138 | D:7      | Found a hide-covered altar of Uskayaw.
  7705 | D:8      | Received a gift from Trog
  7758 | D:8      | Reached skill level 12 in Maces & Flails
  7758 | D:8      | Reached XP level 10. HP: 88/90 MP: 9/9
  7804 | D:8      | Reached skill level 10 in Armour
  8203 | D:9      | Found a staircase to the Orcish Mines.
  8204 | D:9      | Found Rygywe's Assorted Antiques.
  8224 | D:9      | Noticed pib's ghost (novice FoFi)
  8570 | D:9      | Killed pib's ghost
  8570 | D:9      | Reached skill level 13 in Maces & Flails
  8604 | D:9      | Bought a scroll of identify for 50 gold pieces
  8623 | D:9      | Found an iron altar of Okawaru.
  9051 | Orc:1    | Entered Level 1 of the Orcish Mines
  9053 | Orc:1    | Noticed Harold
  9062 | Orc:1    | Slain by a warg

Skill      XL: |  1  2  3  4  5  6  7  8  9 10 |
---------------+-------------------------------+-----
Fighting       | 4 5 6 7 8 9 |  9.3
Maces & Flails | 4 5 7 8 10 12 13 | 13.1
Armour         | 3 4 5 7 9 10 | 10.3
Dodging        | 3 4 |  4.0
Stealth        | |  0.1

Action                   |  1- 3 |  4- 6 |  7- 9 | 10-12 || total
-------------------------+-------+-------+-------+-------++-------
Melee: Mace              |    90 |    34 |       |       ||   124
       Headbutt          |    11 |    23 |    72 |    26 ||   132
       Morningstar       |       |    54 |       |       ||    54
       Flail             |       |    14 |   354 |       ||   368
       Great mace        |       |       |     9 |    93 ||   102
Invok: Berserk           |       |       |     2 |       ||     2
       Brothers in Arms  |       |       |       |     3 ||     3
  Use: Scroll            |     4 |     5 |     8 |     3 ||    20
       Potion            |       |       |     4 |     1 ||     5
  Eat: Chunk             |     2 |     4 |    20 |     5 ||    31
Armor: Ring mail         |     3 |       |       |       ||     3
       Scale mail        |    25 |     1 |       |       ||    26
       Chain mail        |       |    66 |    76 |       ||   142
       Plate armour      |       |       |   135 |   100 ||   235
Dodge: Dodged            |    67 |    64 |   212 |    58 ||   401
Block: Other             |     1 |     6 |    24 |    10 ||    41
       Reflection        |       |     1 |       |       ||     1
